AoeStats
← turcoocacn

Socotra

506889510Analyzed
2v2 RM · 16d ago on Sep 15, 2026· 35m 20s· 4 players
Game mode
Random Map
Map size
Tiny (2 player)
Population
200
Speed
Normal
Resources
Standard
Victory
Conquest
Starting age
Dark Age
Ending age
Imperial Age
RankedLock teamsTeams togetherTeam positionsShared explorationLock speedFull tech treeHidden civsTurbo modeCheats
Victory
Defeat
🇨🇱 Mongols · Chile
1140
+6
🇨🇱 Goths · Chile
715
+21
🇭🇰 Goths · Hong Kong SAR China
874
-14
🇦🇷 Maya · Argentina
855
-36
turcoocacn
0:30 Loom
13:07 Feudal Age
13:56 Double-Bit Axe
13:53 Horse Collar
15:51 Gold Mining
鬼祟君_HK
11:49 Feudal Age
12:09 Loom
12:30 Double-Bit Axe
13:16 Double-Bit Axe
17:35 Castle Age
15:32 Horse Collar
16:31 Stone Mining
16:35 Gold Mining
18:56 Town Watch
19:28 Forging
20:30 Wheelbarrow
19:26 Man-at-Arms
23:26 Fletching
30:58 Elite Skirmisher
156__JP.Cont
0:30 Loom
13:51 Feudal Age
14:06 Man-at-Arms
17:25 Double-Bit Axe
24:45 Castle Age
25:50 Long Swordsman
28:53 Anarchy
30:46 Bow Saw
30:29 Gold Mining
30:29 Stone Mining
30:53 Stone Mining
Shalvi!< 133
1:12 Loom
10:04 Feudal Age
11:45 Double-Bit Axe
21:45 Castle Age
19:42 Fletching
21:00 Padded Archer Armor
21:01 Gold Mining
22:07 Crossbowman
29:37 Bodkin Arrow
29:59 Leather Archer Armor
31:00 Wheelbarrow
30:52 Bow Saw
Connection lost

Rejoining the realm…

Still unreachable

The connection could not be restored.

Session expired

The server has moved on; the page needs a fresh start.